SNL (28 & UNDER)
KEY WEST BARRACUDAS @ BEAUMONT ROUGHNECKS
07/28/2027
 
TOP OF THE 1ST
Key West Barracudas batting - Pitching for Beaumont Roughnecks : RHP Jim Fitzgerald
Pitching: RHP Jim Fitzgerald
Batting: SHB Rodney Birling 0-0: Ball
1-0: Fly out, F3 (Line Drive, 3)
Batting: RHB Carlos Bravo 0-0: Ball
1-0: Ball
2-0: Ground out 6-3 (Groundball, 6)
Batting: SHB Héctor Padilla 0-0: Ball
1-0: DOUBLE (Line Drive, 9LM)
Batting: LHB Domingo Ledesma 0-0: Called Strike
0-1: Ground out 4-3 (Groundball, 4M)
Top of the 1st over - 0 run(s), 1 hit(s), 0 error(s), 1 left on base; Key West 0 - Beaumont 0
BOTTOM OF THE 1ST
Beaumont Roughnecks batting - Pitching for Key West Barracudas : LHP Luis Rodríguez
Pitching: LHP Luis Rodríguez
Batting: LHB Tony Rivera 0-0: Swinging Strike
0-1: Ball
1-1: Ball
2-1: Ball
3-1: Base on Balls
Batting: RHB Darwin Crane 0-0: Ball
1-0: Called Strike
1-1: Ball
2-1: Swinging Strike
2-2: Foul Ball, location: 2F
2-2: Ball
3-2: Foul Ball, location: 2F
3-2: Strikes out swinging
Batting: LHB Cam Flowers 0-0: Called Strike
0-1: Ball
1-1: Grounds into double play, 4-6-3 (Groundball, 34)
Bottom of the 1st over - 0 run(s), 0 hit(s), 0 error(s), 0 left on base; Key West 0 - Beaumont 0
TOP OF THE 2ND
Key West Barracudas batting - Pitching for Beaumont Roughnecks : RHP Jim Fitzgerald
Batting: LHB Daniel Byrd 0-0: Called Strike
0-1: Swinging Strike
0-2: Strikes out swinging
Batting: LHB Víctor Acevedo 0-0: Called Strike
0-1: Ball
1-1: Ball
2-1: Swinging Strike
2-2: Foul Ball, location: 2F
2-2: Strikes out swinging
Batting: RHB Carlos Miranda 0-0: Ball
1-0: Ground out 6-3 (Groundball, 56)
Top of the 2nd over - 0 run(s), 0 hit(s), 0 error(s), 0 left on base; Key West 0 - Beaumont 0
BOTTOM OF THE 2ND
Beaumont Roughnecks batting - Pitching for Key West Barracudas : LHP Luis Rodríguez
Batting: RHB Anthony Hezell 0-0: Ball
1-0: Ball
2-0: Swinging Strike
2-1: Foul Ball, location: 2F
2-2: Foul Ball, location: 2F
2-2: Ground out 4-3 (Groundball, 4)
Batting: LHB Bernardo Morales 0-0: Called Strike
0-1: Ball
1-1: Ball
2-1: Foul Ball, location: 2F
2-2: Foul Ball, location: 2F
2-2: Ball
3-2: Strikes out looking
Batting: LHB Enrique Cruz 0-0: Foul Ball, location: 2F
0-1: Foul Ball, location: 2F
0-2: Strikes out swinging
Bottom of the 2nd over - 0 run(s), 0 hit(s), 0 error(s), 0 left on base; Key West 0 - Beaumont 0
TOP OF THE 3RD
Key West Barracudas batting - Pitching for Beaumont Roughnecks : RHP Jim Fitzgerald
Batting: RHB Dan Craft 0-0: Ball
1-0: Ball
2-0: Ball
3-0: Called Strike
3-1: Called Strike
3-2: Ground out 6-3 (Groundball, 6)
Batting: LHB Motoki Hirata 0-0: Ball
1-0: Ball
2-0: Fly out, F6 (Popup, 6MD)
Batting: SHB Rodney Birling 0-0: Ground out 1-3 (Groundball, P)
Top of the 3rd over - 0 run(s), 0 hit(s), 0 error(s), 0 left on base; Key West 0 - Beaumont 0
BOTTOM OF THE 3RD
Beaumont Roughnecks batting - Pitching for Key West Barracudas : LHP Luis Rodríguez
Batting: RHB Albert Alemán 0-0: Called Strike
0-1: Called Strike
0-2: Ground out 5-3 (Groundball, 56)
Batting: RHB Miguel Costa 0-0: Called Strike
0-1: SINGLE (Groundball, 6MD)
Batting: RHB Jeff Mason 0-0: Ball
1-0: Ball
2-0: Foul Ball, location: 2F
2-1: Swinging Strike
2-2: Grounds into double play, 6-4-3 (Groundball, 6)
Bottom of the 3rd over - 0 run(s), 1 hit(s), 0 error(s), 0 left on base; Key West 0 - Beaumont 0
TOP OF THE 4TH
Key West Barracudas batting - Pitching for Beaumont Roughnecks : RHP Jim Fitzgerald
Batting: RHB Carlos Bravo 0-0: Foul Ball, location: 2F
0-1: Foul Ball, location: 2F
0-2: Ball
1-2: Fly out, F6 (Popup, 6D)
Batting: SHB Héctor Padilla 0-0: Ball
1-0: Fly out, F7 (Flyball, 78S)
Batting: LHB Domingo Ledesma 0-0: Ball
1-0: Ball
2-0: Ball
3-0: Called Strike
3-1: SINGLE (Groundball, 4D)
Batting: LHB Daniel Byrd 0-0: Fielders Choice at 2nd, 6-4 (Groundball, 6)
Top of the 4th over - 0 run(s), 1 hit(s), 0 error(s), 0 left on base; Key West 0 - Beaumont 0
BOTTOM OF THE 4TH
Beaumont Roughnecks batting - Pitching for Key West Barracudas : LHP Luis Rodríguez
Batting: LHB Tony Rivera 0-0: Called Strike
0-1: Ball
1-1: Ball
2-1: Ball
3-1: Base on Balls
Batting: RHB Darwin Crane 0-0: Ball
1-0: Ball
2-0: Swinging Strike
2-1: Ball
3-1: Called Strike
3-2: Fly out, F8 (Flyball, 8LM)
Batting: LHB Cam Flowers 0-0: Ball
Tony Rivera steals 2nd base
1-0: Ground out U3 (Groundball, 3)
Tony Rivera to third
Batting: RHB Anthony Hezell 0-0: Ball
1-0: Ball
2-0: Ball
3-0: Called Strike
3-1: TRIPLE (Flyball, 89D)
Tony Rivera scores
Batting: LHB Bernardo Morales 0-0: Ball
1-0: Called Strike
1-1: Foul Ball, location: 2F
1-2: Strikes out swinging
Bottom of the 4th over - 1 run(s), 1 hit(s), 0 error(s), 1 left on base; Key West 0 - Beaumont 1
TOP OF THE 5TH
Key West Barracudas batting - Pitching for Beaumont Roughnecks : RHP Jim Fitzgerald
Batting: LHB Víctor Acevedo 0-0: Called Strike
0-1: Called Strike
0-2: Foul Ball, location: 2F
0-2: Ball
1-2: Ground out 6-3 (Groundball, 6M)
Batting: RHB Carlos Miranda 0-0: Called Strike
0-1: Foul Ball, location: 2F
0-2: Ball
1-2: Strikes out swinging
Batting: RHB Dan Craft 0-0: Ball
1-0: Called Strike
1-1: Foul Ball, location: 2F
1-2: Strikes out swinging
Top of the 5th over - 0 run(s), 0 hit(s), 0 error(s), 0 left on base; Key West 0 - Beaumont 1
BOTTOM OF THE 5TH
Beaumont Roughnecks batting - Pitching for Key West Barracudas : LHP Luis Rodríguez
Batting: LHB Enrique Cruz 0-0: Ball
1-0: SINGLE (Line Drive, 5)
Batting: RHB Albert Alemán 0-0: Ball
1-0: Swinging Strike
1-1: Swinging Strike
1-2: Ball
2-2: Strikes out swinging
Batting: RHB Miguel Costa 0-0: Ball
Wild Pitch!
Enrique Cruz to second
1-0: DOUBLE (Flyball, 78D)
Enrique Cruz scores
Batting: RHB Jeff Mason 0-0: Called Strike
Balk!
Miguel Costa to third
0-1: Ball
1-1: Ball
2-1: Ball
3-1: Base on Balls
Batting: LHB Tony Rivera 0-0: Ball
1-0: Fly out, F7 (Flyball, 7S)
Batting: RHB Darwin Crane 0-0: Called Strike
0-1: Ground out 6-3 (Groundball, 6M)
Bottom of the 5th over - 1 run(s), 2 hit(s), 0 error(s), 2 left on base; Key West 0 - Beaumont 2
TOP OF THE 6TH
Key West Barracudas batting - Pitching for Beaumont Roughnecks : RHP Jim Fitzgerald
Batting: LHB Motoki Hirata 0-0: Swinging Strike
0-1: Ball
1-1: Called Strike
1-2: Ball
2-2: Foul Ball, location: 2F
2-2: Foul Ball, location: 2F
2-2: Strikes out swinging
Batting: SHB Rodney Birling 0-0: Called Strike
0-1: Ball
1-1: Called Strike
1-2: Foul Ball, location: 2F
1-2: Strikes out swinging
Batting: RHB Carlos Bravo 0-0: Called Strike
0-1: Swinging Strike
0-2: Strikes out swinging
Top of the 6th over - 0 run(s), 0 hit(s), 0 error(s), 0 left on base; Key West 0 - Beaumont 2
BOTTOM OF THE 6TH
Beaumont Roughnecks batting - Pitching for Key West Barracudas : LHP Luis Rodríguez
Batting: LHB Cam Flowers 0-0: Fly out, F7 (Flyball, 7S)
Batting: RHB Anthony Hezell 0-0: Foul Ball, location: 2F
0-1: Ball
1-1: Foul Ball, location: 2F
1-2: Ball
2-2: Ball
3-2: Foul Ball, location: 2F
3-2: Foul Ball, location: 2F
3-2: SINGLE (Groundball, 56S) (infield hit)
Batting: LHB Bernardo Morales 0-0: Ball
1-0: Grounds into double play, 5-4-3 (Groundball, 56)
Bottom of the 6th over - 0 run(s), 1 hit(s), 0 error(s), 0 left on base; Key West 0 - Beaumont 2
TOP OF THE 7TH
Key West Barracudas batting - Pitching for Beaumont Roughnecks : RHP Jim Fitzgerald
Batting: SHB Héctor Padilla 0-0: Ball
1-0: Swinging Strike
1-1: Ball
2-1: Fly out, F9 (Line Drive, 9D)
Batting: LHB Domingo Ledesma 0-0: Called Strike
0-1: Swinging Strike
0-2: Foul Ball, location: 2F
0-2: Strikes out swinging
Batting: LHB Daniel Byrd 0-0: Ball
1-0: Called Strike
1-1: Ball
2-1: Foul Ball, location: 2F
2-2: Ball
3-2: Strikes out looking
Top of the 7th over - 0 run(s), 0 hit(s), 0 error(s), 0 left on base; Key West 0 - Beaumont 2
BOTTOM OF THE 7TH
Beaumont Roughnecks batting - Pitching for Key West Barracudas : LHP Luis Rodríguez
Batting: LHB Enrique Cruz 0-0: Ball
1-0: Called Strike
1-1: Foul Ball, location: 2F
1-2: Foul Ball, location: 2F
1-2: Ground out 4-3 (Groundball, 4M)
Pitching: RHP Gerald Núñez
Batting: RHB Albert Alemán 0-0: Called Strike
0-1: Foul Ball, location: 2F
0-2: Foul Ball, location: 2F
0-2: Ball
1-2: Ball
2-2: Reached on error, E6 (Groundball, 6)
Batting: RHB Miguel Costa 0-0: Called Strike
0-1: Swinging Strike
0-2: Foul Ball, location: 2F
0-2: Strikes out looking
Batting: RHB Jeff Mason 0-0: Called Strike
0-1: Fly out, F8 (Flyball, 8RXD)
Bottom of the 7th over - 0 run(s), 0 hit(s), 1 error(s), 1 left on base; Key West 0 - Beaumont 2
TOP OF THE 8TH
Key West Barracudas batting - Pitching for Beaumont Roughnecks : RHP Jim Fitzgerald
Batting: LHB Víctor Acevedo 0-0: Called Strike
0-1: Foul Ball, location: 2F
0-2: Fly out, F7 (Line Drive, 7LM)
Batting: RHB Carlos Miranda 0-0: Ball
1-0: Ball
2-0: Ball
3-0: Base on Balls
Pinch Runner at 1st Jorge Hernández:
Batting: RHB Dan Craft 0-0: Ball
1-0: Called Strike
1-1: Called Strike
1-2: Ground out 6-3 (Groundball, 6D)
Jorge Hernández to second
Pitching: LHP Artie Nelson
Batting: LHB Motoki Hirata 0-0: Ball
1-0: Fly out, F7 (Flyball, 7D)
Top of the 8th over - 0 run(s), 0 hit(s), 0 error(s), 1 left on base; Key West 0 - Beaumont 2
BOTTOM OF THE 8TH
Beaumont Roughnecks batting - Pitching for Key West Barracudas : RHP Gerald Núñez
Now in CF: Jorge Hernández
Batting: LHB Tony Rivera 0-0: Called Strike
0-1: Ball
1-1: Ball
2-1: SINGLE (Groundball, 6S) (infield hit)
Batting: RHB Darwin Crane 0-0: Ball
Tony Rivera is caught stealing 2nd base
1-0: Foul Ball, location: 2F
1-1: Fly out, F8 (Flyball, 78M)
Batting: LHB Cam Flowers 0-0: Ball
1-0: Foul Ball, location: 2F
1-1: Ball
2-1: Ball
3-1: Base on Balls
Batting: RHB Anthony Hezell 0-0: Ball
1-0: Called Strike
1-1: SINGLE (Groundball, 34D)
Cam Flowers to second
Runner from 2nd tries for 3rd, SAFE, throw made to third
Batting: LHB Bernardo Morales 0-0: Ball
1-0: Ball
2-0: Ball
3-0: Called Strike
3-1: Fly out, F9 (Flyball, 9)
Bottom of the 8th over - 0 run(s), 2 hit(s), 0 error(s), 2 left on base; Key West 0 - Beaumont 2
TOP OF THE 9TH
Key West Barracudas batting - Pitching for Beaumont Roughnecks : LHP Artie Nelson
Pitching: RHP Grady Connolly
Batting: SHB Rodney Birling 0-0: Ball
1-0: Ball
2-0: Swinging Strike
2-1: Foul Ball, location: 2F
2-2: Ball
3-2: Strikes out looking
Batting: RHB Carlos Bravo 0-0: DOUBLE (Flyball, 89D)
Batting: SHB Héctor Padilla 0-0: 2-RUN HOME RUN (Flyball, 9LD), Distance : 349 ft
Pitching: RHP Gustavo Rodríguez
Batting: LHB Domingo Ledesma 0-0: Ball
1-0: Ball
2-0: SINGLE (Line Drive, 4)
Pinch Hitting: SHB Eric Pimentel 0-0: Ball
1-0: Ball
2-0: Ball
3-0: Called Strike
3-1: Called Strike
3-2: Fly out, F8 (Flyball, 8RXD)
Pinch Hitting: RHB Joe Bailey 0-0: Ball
1-0: Foul Ball, location: 2F
1-1: Swinging Strike
1-2: Strikes out swinging
Top of the 9th over - 2 run(s), 3 hit(s), 0 error(s), 1 left on base; Key West 2 - Beaumont 2
BOTTOM OF THE 9TH
Beaumont Roughnecks batting - Pitching for Key West Barracudas : RHP Gerald Núñez
Now at 1B: Eric Pimentel
Now in RF: Jacob Knapp
Batting: LHB Enrique Cruz 0-0: Ball
1-0: Ball
2-0: Ground out 3-1 (Groundball, 34)
Batting: RHB Albert Alemán 0-0: Ball
1-0: Called Strike
1-1: Ball
2-1: Foul Ball, location: 2F
2-2: Ball
3-2: Foul Ball, location: 2F
3-2: Foul Ball, location: 2F
3-2: Foul Ball, location: 2F
3-2: Base on Balls
Pinch Runner at 1st Guy Moss:
Batting: RHB Miguel Costa 0-0: Foul Ball, location: 2F
0-1: Ball
1-1: Foul Ball, location: 2F
1-2: Foul Ball, location: 2F
1-2: Ball
2-2: Ball
3-2: Foul Ball, location: 2F
3-2: Fly out, F8 (Flyball, 8LD)
Batting: RHB Jeff Mason 0-0: Ball
1-0: Fly out, F6 (Popup, 6MD)
Bottom of the 9th over - 0 run(s), 0 hit(s), 0 error(s), 1 left on base; Key West 2 - Beaumont 2
TOP OF THE 10TH
Key West Barracudas batting - Pitching for Beaumont Roughnecks : RHP Gustavo Rodríguez
Pinch Hitting: LHB Carter Sweet 0-0: Ball
1-0: Ball
2-0: Called Strike
2-1: Called Strike
2-2: Strikes out swinging
Batting: RHB Dan Craft 0-0: Ground out 6-3 (Groundball, 6)
Pinch Hitting: SHB Cory Campbell 0-0: Called Strike
0-1: Swinging Strike
0-2: Strikes out swinging
Top of the 10th over - 0 run(s), 0 hit(s), 0 error(s), 0 left on base; Key West 2 - Beaumont 2
BOTTOM OF THE 10TH
Beaumont Roughnecks batting - Pitching for Key West Barracudas : RHP Gerald Núñez
Now at 2B: Cory Campbell
Now at 3B: Héctor Jiménez
Batting: LHB Tony Rivera 0-0: Swinging Strike
0-1: Called Strike
0-2: Ball
1-2: Ball
2-2: Foul Ball, location: 2F
2-2: Foul Ball, location: 2F
2-2: Foul Ball, location: 2F
2-2: Foul Ball, location: 2F
2-2: Ground out 4-3 (Groundball, 4)
Batting: RHB Darwin Crane 0-0: Called Strike
0-1: Ground out 6-3 (Groundball, 6)
Batting: LHB Cam Flowers 0-0: Ball
1-0: Ball
2-0: Ball
3-0: Base on Balls
Batting: RHB Anthony Hezell 0-0: Ball
1-0: Ground out U3 (Groundball, 34)
Bottom of the 10th over - 0 run(s), 0 hit(s), 0 error(s), 1 left on base; Key West 2 - Beaumont 2
TOP OF THE 11TH
Key West Barracudas batting - Pitching for Beaumont Roughnecks : RHP Gustavo Rodríguez
Pinch Hitting: RHB Edward Holloway 0-0: SOLO HOME RUN (Line Drive, 7D), Distance : 417 ft
Batting: RHB Carlos Bravo 0-0: Ground out 5-3 (Groundball, 56S)
Batting: SHB Héctor Padilla 0-0: Ground out 4-3 (Groundball, 4M)
Batting: LHB Domingo Ledesma 0-0: Called Strike
0-1: Ball
1-1: Ball
2-1: Ball
3-1: Foul Ball, location: 2F
3-2: Strikes out swinging
Top of the 11th over - 1 run(s), 1 hit(s), 0 error(s), 0 left on base; Key West 3 - Beaumont 2
BOTTOM OF THE 11TH
Beaumont Roughnecks batting - Pitching for Key West Barracudas : RHP Gerald Núñez
Pitching: RHP Sean Harden
Now in LF: Edward Holloway
Batting: LHB Bernardo Morales 0-0: Called Strike
0-1: Called Strike
0-2: Fly out, F8 (Flyball, 8LXD)
Batting: LHB Enrique Cruz 0-0: Called Strike
0-1: Ball
1-1: Called Strike
1-2: Foul Ball, location: 2F
1-2: Ball
2-2: Fly out, F7 (Flyball, 7D)
Batting: LHB Guy Moss 0-0: Called Strike
0-1: Foul Ball, location: 2F
0-2: Ball
1-2: Strikes out looking
Bottom of the 11th over - 0 run(s), 0 hit(s), 0 error(s), 0 left on base; Key West 3 - Beaumont 2
Thursday, March 30th, 2017 - OOTP Baseball 17.12 Build 75